[Event "Bangabandhu Premier Div League 2022"]
[Site "Dhaka"]
[Date "2022.11.30"]
[Round "1.1"]
[White "Rahman, Ziaur"]
[Black "Majumder, Ahmed Hossain"]
[Result "1-0"]
[ECO "E11"]
[WhiteElo "2464"]
[BlackElo "1975"]
[Annotator "TA"]
[PlyCount "61"]
[EventDate "2022.11.30"]
[EventType "team-tourn"]
[EventCountry "BAN"]
[SourceTitle "playchess.com"]
[Source "ChessBase"]
[SourceQuality "1"]
[TimeControl "40/5400+30:1800+30"]

1. d4 Nf6 2. c4 e6 3. g3 Bb4+ 4. Bd2 Bxd2+ 5. Nxd2 d5 6. Ngf3 O-O 7. Bg2 Nbd7 8. O-O c5 9. cxd5 exd5 10. dxc5 Nxc5 11. Nb3 {[%emt 0:00:50] E11: Bogo-Indian.} Qb6 12. Nxc5 Qxc5 13. Rc1 {[%emt 0:04:27] [#] White is slightly better.} Qe7 $146 ({Predecessor:} 13... Qa5 14. Qb3 Bf5 15. Nd4 Be4 16. Bh3 Rfd8 17. Qxb7 Rdb8 18. Rc8+ {1-0 (18) Oliva Castaneda,K (2500)-Guetas Sanchez,H (2159) Montcada 2016}) 14. Nd4 a6 15. Qb3 Be6 16. Rc3 Rac8 17. Rfc1 Rxc3 18. Qxc3 g6 19. Qe3 Qd6 20. h3 Re8 21. Qb3 Rc8 22. Rd1 Qc7 (22... b5 $11 {keeps the balance.}) 23. e4 $1 $16 {[%emt 0:04:18][%cal Be2e4,Be4d5,Bd5d6][%mdl 32] White is more active.} Rd8 24. Nxe6 fxe6 25. exd5 Qd7 {[%emt 0:00:56] A mistake that costs the game.} (25... exd5 $16 {is a better defense.} 26. Bxd5+ Nxd5) 26. d6 $18 b5 {[%emt 0:01:02] [#]} (26... Kf7 $142 27. Qb6 (27. Bxb7 Rb8 $18) (27. Qxb7 Qxb7 28. Bxb7 a5 $18) 27... g5) 27. Bc6 $1 Qf7 (27... Qxc6 28. Qxe6+ Kg7 29. Qe7+ Kh6 30. Qxd8) 28. Qe3 Nd7 29. Rd4 {[%emt 0:01:15][%cal Bd1d4,Bd4f4,Bf4e4][%mdl 32] White is clearly winning.} Kg7 30. Rf4 {[%emt 0:03:10] Inhibits e5.} Qe8 31. Re4 {[%emt 0:00:56] Weighted Error Value: White=0.06 (flawless) /Black=0.38} 1-0

[Event "Bangabandhu Premier Div League 2022"]
[Site "Dhaka"]
[Date "2022.11.30"]
[Round "1.2"]
[White "Mohammed Abdul, Malek"]
[Black "Chanda, Sandipan"]
[Result "0-1"]
[ECO "A80"]
[WhiteElo "2152"]
[BlackElo "2474"]
[Annotator "TA"]
[PlyCount "64"]
[EventDate "2022.11.30"]
[EventType "team-tourn"]
[EventCountry "BAN"]
[SourceTitle "playchess.com"]
[Source "ChessBase"]
[SourceQuality "1"]
[TimeControl "40/5400+30:1800+30"]

1. d4 f5 2. Bf4 Nf6 3. e3 d6 4. Bd3 g6 5. h4 h6 6. Qf3 {[%emt 0:01:18] A80: Dutch Defence: Unusual White second moves.} Nc6 {[%emt 0:02:49] ...e5 is the strong threat.} 7. Qg3 {[%emt 0:06:47] Prevents e5.} Rg8 {[%emt 0:01:20] [#]} 8. c3 $146 (8. Bc4 $11 {and White stays safe.} e6 9. Nc3) ({Predecessor:} 8. Bc4 e6 9. Nc3 Qe7 10. O-O-O Bd7 11. a3 O-O-O 12. Nf3 Be8 13. Rhe1 Bg7 14. Qh2 {1-0 (33) Sopur,L (2412)-Nowicki,B (2339) Poronin 2020}) 8... e5 $1 $19 9. Ne2 exf4 10. Nxf4 g5 11. hxg5 hxg5 12. Nh5 Nxh5 13. Rxh5 Qf6 14. f4 Be6 {[%emt 0:05:37] [#] And now ...gxf4 would win.} 15. Rxg5 Rxg5 16. fxg5 Qg6 17. Nd2 O-O-O 18. Nf3 f4 19. Bxg6 fxg3 {[%emt 0:00:03] Black is more active.} 20. e4 $2 {[%emt 0:00:39] White does not recover from this.} (20. Kd2 $17) 20... Ne7 21. Bh7 Bg7 {[%emt 0:00:24] [#] Strongly threatening ...Rh8.} 22. Ke2 Rh8 23. g6 Bg4 24. Rf1 Bh5 25. Kd3 Nxg6 26. Ng5 Bh6 27. Bxg6 Bxg6 28. Rf6 Rg8 {[%emt 0:01:55] Black is clearly winning.} (28... Bxg5 $2 {perishes.} 29. Rxg6 Bf4 30. Rg4 $19) 29. Nf3 (29. Nf7 $142 Bf8 30. c4) 29... d5 30. Ke2 dxe4 31. Ne5 Bh5+ 32. Ke1 Be3 {[%emt 0:00:14] Weighted Error Value: White=0.50/Black=0.17 (very precise)} 0-1

[Event "Bangabandhu Premier Div League 2022"]
[Site "Dhaka"]
[Date "2022.11.30"]
[Round "1.3"]
[White "Harsha Bharathakoti"]
[Black "Muthaiah AL"]
[Result "1-0"]
[ECO "A13"]
[WhiteElo "2582"]
[BlackElo "2454"]
[Annotator "TA"]
[PlyCount "67"]
[EventDate "2022.11.30"]
[EventType "team-tourn"]
[EventCountry "BAN"]
[SourceTitle "playchess.com"]
[Source "ChessBase"]
[SourceQuality "1"]
[TimeControl "40/5400+30:1800+30"]

1. Nf3 Nf6 2. c4 e6 3. g3 d5 4. Bg2 dxc4 5. Qa4+ Bd7 6. Qxc4 {[%emt 0:00:07] A13: English Opening: 1...e6.} c5 7. Nc3 Bc6 8. O-O {[%emt 0:00:54] The position is equal.} Nbd7 9. e4 Be7 10. Qe2 {[%emt 0:05:52] Against b5} e5 {[%emt 0:08:57] Prevents d4.} 11. Nh4 {[%emt 0:17:21] [#]} O-O $146 ({Predecessor:} 11... g6 12. d3 O-O 13. Be3 Re8 14. Nf3 b6 15. h3 Qc7 16. Nd2 Rad8 17. f4 Nf8 {1-0 (79) Sarana,A (2668)-Erenberg,A (2516) Chess.com INT 2022}) 12. Nf5 Re8 13. d3 Bf8 14. Be3 h6 15. Rad1 Kh7 16. f4 (16. Bc1 {simplifies} b5 17. b3 Kg8 18. Bb2) 16... g6 17. fxe5 (17. Nh4 {simplifies} Kg8 18. h3 exf4 19. gxf4 Rc8 20. e5) 17... Rxe5 (17... Nxe5 $11 {remains equal.} 18. d4 cxd4 19. Rxd4 (19. Bxd4 gxf5 20. Bxe5 Qb6+ 21. Bd4 Bc5 $11) 19... Qa5 20. Nxh6 Bxh6 21. Bxh6 (21. Rxf6 Qa6 $14) 21... Kxh6 22. Rxf6 Rad8 23. Qd2+ Kg7) 18. d4 $16 {[%emt 0:01:53] Black is on the road to losing.} cxd4 19. Nxd4 Bg7 20. Nxc6 bxc6 21. Qc4 {[%emt 0:02:37][%csl LRc6,LRf7][%cal Of1f6] White is much more active.} Kg8 (21... Qe7 $16 {keeps fighting.} 22. Qxc6 Rb8) 22. Qxc6 {[%emt 0:03:48][%cal Of1f6] [#] And now Rxf6! would win.} Rc8 23. Qd6 {[%emt 0:01:13] Black must now prevent Bh3.} Qa5 (23... Qe7 $142 24. Bh3 Qxd6 25. Rxd6 Rc7) 24. Bh3 $18 {[%emt 0:00:31] This pair of bishops is nice.} Rd8 25. b4 Qa3 26. Rd3 (26. Qc7 $142 Ree8 27. Bd4 (27. Bxa7 Rc8 $15) (27. Qc4 Ne5 $14)) 26... Qb2 $2 {[%emt 0:00:36] [#]} (26... Ne8 {is a better defense.} 27. Nd5 Nxd6 28. Rxa3 Nc4 29. Rxa7 Nxe3 30. Nxe3 Rxe4) 27. Bd4 {[%emt 0:00:30] Dancing on a razor blade.} ({Not} 27. Bxa7 Ree8 $14) (27. Qc7 $142 Ree8 28. Nd5 (28. Bxa7 Rc8 $14) 28... Nxd5 29. Rxd5) 27... Rh5 $2 (27... Ree8) 28. Rf2 Qc1+ 29. Rd1 Nxe4 30. Qe7 ({Less strong is} 30. Rxc1 Nxd6 31. Bxg7 (31. Bxa7 $2 {is the wrong capture.} Rxh3 32. Rd2 Ne5 $19) 31... Kxg7 32. Bxd7 Rxd7 $14) 30... Bxd4 31. Qxd8+ Kg7 32. Rxc1 Nxf2 33. Qxd7 Nxh3+ 34. Kg2 {[%emt 0:00:05] Weighted Error Value: White=0.35/Black=0.61} 1-0

[Event "Bangabandhu Premier Div League 2022"]
[Site "Dhaka"]
[Date "2022.11.30"]
[Round "1.4"]
[White "Parveen, Tanima"]
[Black "Mehdi Hasan Parag"]
[Result "0-1"]
[ECO "C54"]
[WhiteElo "1967"]
[BlackElo "2185"]
[Annotator "TA"]
[PlyCount "42"]
[EventDate "2022.11.30"]
[EventType "team-tourn"]
[EventCountry "BAN"]
[SourceTitle "playchess.com"]
[Source "ChessBase"]
[SourceQuality "1"]
[TimeControl "40/5400+30:1800+30"]

1. e4 e5 2. Nf3 Nc6 3. Bc4 Nf6 4. d3 Bc5 5. O-O d6 6. c3 a5 {[%emt 0:00:07] C54: Giuoco Piano: 4 c3 Nf6, main lines with 5 d4 and 5 d3.} 7. h3 Bb6 8. Re1 h6 {[%emt 0:00:10] The position is equal.} 9. d4 O-O $1 10. Bb5 Bd7 {[%emt 0:02:16] [#]} 11. d5 $146 ({Predecessor:} 11. Na3 Re8 12. d5 Ne7 13. Bxd7 Nxd7 14. Nc4 f5 15. exf5 Nxf5 16. Nfd2 Ba7 17. Ne4 {½-½ (65) Warakomski,T (2515)-Sadzikowski,D (2522) Ustron 2020}) 11... Ne7 12. Bd3 Ng6 13. Bc2 (13. Be3 $11 {keeps the balance.}) 13... Qe7 {[%emt 0:03:26] Black is more active.} (13... Qc8 $17 {[%cal Od7h3] White must now prevent ...Bxh3!} 14. Nh2 c6) 14. Na3 Nh5 (14... Bc5 {simplifies} 15. Nc4 b5 16. Ne3 Qd8) 15. Nxe5 $2 {[%emt 0:08:53][%mdl 8192] White does not recover from this.} Qxe5 $19 {[%emt 0:00:35] Black is clearly winning.} ({Stronger than} 15... Bxf2+ 16. Kxf2 Qh4+ 17. Kg1 Nxe5 18. Rf1 $17) 16. Nc4 {[%emt 0:00:18] [#]} Bxf2+ $1 17. Kxf2 Qg3+ 18. Kf1 {[%emt 0:01:31] [#]} (18. Kg1 $142 Nh4 19. Re2 Nf3+ 20. Kf1) 18... Nh4 $1 19. Re2 (19. Ke2 Nxg2) 19... Qh2 {[%emt 0:00:51] ( -> ...Qh1+)} 20. Rf2 Ng3+ 21. Ke1 Qg1+ {[%emt 0:00:10] Weighted Error Value: White=0.97/Black=0.30} 0-1

[Event "Bangabandhu Premier Div League 2022"]
[Site "Dhaka"]
[Date "2022.11.30"]
[Round "1.5"]
[White "Haque, Rezaul"]
[Black "abzid, Rahman"]
[Result "1/2-1/2"]
[ECO "A08"]
[WhiteElo "1949"]
[BlackElo "2043"]
[Annotator "TA"]
[PlyCount "134"]
[EventDate "2022.11.30"]
[EventType "team-tourn"]
[EventCountry "BAN"]
[SourceTitle "playchess.com"]
[Source "ChessBase"]
[SourceQuality "1"]
[TimeControl "40/5400+30:1800+30"]

1. Nf3 d5 2. g3 Nf6 3. Bg2 Bf5 4. d3 e6 5. Nbd2 c5 6. O-O Nc6 7. Re1 {[%emt 0:01:20] A08: King's Indian Attack.} Be7 8. c4 d4 {[%emt 0:05:31] [#]} 9. h3 $146 (9. Nh4 $11) ({Predecessor:} 9. Ng5 h5 10. Nge4 h4 11. Nxf6+ Bxf6 12. Ne4 Be7 13. e3 g5 14. exd4 Nxd4 15. Be3 {½-½ (36) Zybura,A-Derraugh,G Toronto 2009}) 9... h6 10. Nf1 O-O 11. g4 Bh7 12. Bf4 {[%emt 0:00:10] Prevents Qc7.} Nd7 13. N3d2 e5 14. Bg3 f5 15. gxf5 $1 Bxf5 16. Ne4 Nf6 17. Nxf6+ Bxf6 18. Nd2 Qd7 19. Kh2 Rae8 20. Ne4 Be7 21. Qd2 b6 22. Rf1 Be6 23. f4 (23. Qd1 $15) 23... exf4 ({Better is} 23... Rf5 $1 24. Bf3 (24. fxe5 Rh5 $17) 24... exf4 25. Bxf4 Ne5 26. Bxe5 Rxe5) 24. Rxf4 $17 Rxf4 ({Black should try} 24... Bf5 $17) 25. Qxf4 $11 Rf8 (25... Nb4 $5 ) 26. Qc7 Nb4 27. Qxd7 Bxd7 28. a3 Nc2 29. Rf1 Rxf1 30. Bxf1 Ne3 31. Bg2 Ba4 (31... Nxg2 $15 32. Kxg2 Bd8) 32. Bb8 $14 Bd8 33. Bxa7 Bc7+ 34. Kg1 Bb3 {[%emt 0:03:48] [#]} (34... Nc2 $16) 35. Nd2 $1 $18 Bd1 36. Bf3 Nc2 37. Ne4 Kf8 (37... Ne1 $142 38. Bg4 h5) 38. Nf2 Ne3 39. b4 cxb4 40. axb4 {[%emt 0:00:17] Threatens to win with c5.} ({Don't blunder} 40. Nxd1 $2 bxa3 41. c5 a2 42. Nxe3 dxe3 43. Bxb6 a1=Q+ $19) 40... Ba4 (40... Bb3 {was worth a try.} 41. b5 Nxc4) 41. c5 bxc5 42. Bxc5+ Ke8 43. Bxd4 Nf5 44. Bc5 Nh4 45. Be4 Bg3 46. Nh1 Bc7 47. Kf2 Bd7 48. Bg2 (48. Ng3 $18) 48... Nxg2 $16 49. Kxg2 {[%emt 0:00:14][%mdl 4096] Endgame KBB-KBN} g6 50. Nf2 Kf7 51. e4 h5 52. d4 g5 53. d5 g4 54. hxg4 hxg4 55. Bd4 Kg6 56. Nd3 Bb5 {[%emt 0:00:31] [#]} 57. Nc5 Be2 58. Ne6 Bd6 (58... Bb8 59. Bc5 Kf7) 59. e5 $2 ({Only move:} 59. Bc5 $18 Be5 60. d6) 59... Bf3+ $1 $11 60. Kg3 Bxb4 61. d6 Bc6 62. Nf8+ Kf7 (62... Kf5 {is interesting.} 63. d7 Be1+ 64. Kh2 Ba5) 63. Nh7 (63. d7 {is more complex.} Ba5 64. Bc5 Bxd7 65. Nxd7 Ke6 66. Nf8+) 63... Ke6 64. Kxg4 {[%emt 0:00:00] White has an edge.} Bxd6 65. exd6 {[%emt 0:00:00] aiming for Bc5.} Kxd6 66. Kf4 Bg2 67. Nf8 Kd5 {Black escapes into a draw.   Weighted Error Value: White=0.29 (precise) /Black=0.29 (precise)} 1/2-1/2

[Event "Bangabandhu Premier Div League 2022"]
[Site "Dhaka"]
[Date "2022.11.30"]
[Round "1.6"]
[White "Aradhya, Garg"]
[Black "Rahman, Siddiqur"]
[Result "1-0"]
[ECO "E37"]
[WhiteElo "2289"]
[BlackElo "1970"]
[Annotator "TA"]
[PlyCount "62"]
[EventDate "2022.11.30"]
[EventType "team-tourn"]
[EventCountry "BAN"]
[SourceTitle "playchess.com"]
[Source "ChessBase"]
[SourceQuality "1"]
[TimeControl "40/5400+30:1800+30"]

1. d4 d5 2. c4 c6 3. Nf3 Nf6 4. Nc3 e6 5. e3 Nbd7 6. Qc2 Bb4 7. a3 Bxc3+ 8. Qxc3 Ne4 9. Qc2 O-O 10. Bd3 f5 11. O-O {[%emt 0:00:31] E37: Nimzo-Indian: Classical: 4...d5 5 a3 Bxc3+ 6 Qxc3 Ne4.} Rf6 12. b4 {[%emt 0:05:06] [#]} a6 $146 ({Predecessor:} 12... Rh6 13. b5 Qe8 14. Rb1 Qh5 15. h3 g5 16. Ne5 Nxe5 17. dxe5 g4 18. Bxe4 dxe4 19. Qe2 Bd7 20. Rb2 Be8 21. Kh2 cxb5 22. cxb5 g3+ 23. Kxg3 Rg6+ 24. Kh2 Qxe2 25. Rxe2 Bxb5 {0-1 (25) Nodorp,D-Lau,U (2280) Germany 1992}) 13. a4 {[%emt 0:05:15][%cal Ba3a4,Ba4b5][%mdl 32] White is slightly better.} Rh6 14. Ba3 Ndf6 (14... g5 $1 $11) 15. b5 $16 axb5 16. axb5 {[%emt 0:00:05][%cal Oa3e7] aiming for Be7!} ({Resist} 16. cxb5 Bd7 $16) 16... Bd7 17. cxd5 cxd5 {[%emt 0:05:47] [#]} (17... Nxd5 18. bxc6 Bxc6 19. Bxe4 fxe4) 18. Be7 $1 $18 Qe8 {[%emt 0:00:13] Hoping for ...Rc8.} (18... Qc8 19. Qxc8+) 19. Rxa8 Qd8 (19... Qxa8 $18 20. Qc7 Be8) 20. Rc8 (20. Rxd8+ $142 Kf7 21. Bxf6 Bc6 22. bxc6 Kxf6 23. Rf8+ Kg6 24. Ne5+ Kg5 25. f4+ Kh4 26. g3+ Nxg3 27. hxg3+ Kxg3 28. Qg2+ Kh4 29. Qh2#) 20... Qxc8 21. Qc7 Qa8 $4 {[%emt 0:04:50][%mdl 8192] [#]} (21... Qxc7 $19 22. Ne5 Ng4) 22. Bxf6 Be8 23. Ne5 $2 Rxf6 24. b6 Rf8 25. Rd1 $2 (25. Qe7 $18 {has better winning chances.}) 25... Nf6 $2 (25... Qa2 $16 {might work better.}) 26. f3 Qa3 $2 (26... f4 27. exf4 Qa4) 27. Rc1 $2 (27. Qxb7 $18 Bb5 28. Qa7 Qxa7 29. bxa7) 27... Qa4 $2 (27... Nd7 $11) 28. Qe7 {[%emt 0:02:13] White is clearly winning.} Bd7 29. h3 {[%emt 0:02:27] Against f4} (29. Rc7 $142) 29... Re8 30. Qf7+ Kh8 31. Nxd7 Qa3 {[%emt 0:00:00] Weighted Error Value: White=1.29/Black=1.57} 1-0

[Event "Bangabandhu Premier Div League 2022"]
[Site "Dhaka"]
[Date "2022.11.30"]
[Round "1.7"]
[White "Nayan Kumar, Mohanto"]
[Black "Sankalan Shah"]
[Result "1-0"]
[ECO "E62"]
[WhiteElo "1976"]
[BlackElo "2218"]
[Annotator "TA"]
[PlyCount "121"]
[EventDate "2022.11.30"]
[EventType "team-tourn"]
[EventCountry "BAN"]
[SourceTitle "playchess.com"]
[Source "ChessBase"]
[SourceQuality "1"]
[TimeControl "40/5400+30:1800+30"]

1. d4 Nf6 2. Nf3 g6 3. g3 Bg7 4. Bg2 O-O 5. c4 d6 6. O-O Nc6 7. Nc3 e5 8. dxe5 Nxe5 9. Nxe5 dxe5 10. Qxd8 Rxd8 11. Bg5 Rd7 {[%emt 0:44:21] E62: King's Indian: Fianchetto: 6...c6 and Panno Variation (6...Nc6) without ...a6.} 12. Rad1 c6 13. h3 h6 {[%emt 0:03:28] The position is equal.} 14. Be3 Rxd1 15. Rxd1 {[%emt 0:00:38] [#] Rd8+ is the strong threat.} Be6 16. b3 Bf8 17. Na4 Nd7 {[%emt 0:00:00] Against Nc5} 18. Kh2 {[%emt 0:02:54] [#]} f5 $146 ({Predecessor:} 18... Kg7 19. h4 f5 20. f3 Be7 21. Bh3 g5 22. Bf2 Kf7 23. hxg5 hxg5 24. Kg1 a5 {1-0 (36) Le,T (2512)-Vakhidov,D (2161) Chess.com INT 2018}) 19. h4 Kf7 20. f3 Kf6 21. Bf2 g5 22. hxg5+ hxg5 23. f4 gxf4 24. gxf4 e4 25. Bd4+ Kf7 26. Bh3 Bg7 27. Bxg7 Kxg7 28. Nc3 Nf6 29. e3 Rh8 {[%emt 0:00:48] aiming for ...Ng4+.} 30. Kg2 Kf7 31. Ne2 Rg8+ 32. Kf2 Ng4+ 33. Bxg4 Rxg4 $11 {[%emt 0:00:00][%mdl 4096] Endgame KRB-KRN} 34. Rh1 Rg7 (34... c5 $11 {keeps the balance.}) 35. Nd4 $16 {[%emt 0:01:18] Threatens to win with Rh5.} a6 {[%emt 0:00:41] Black cannot hold the game after this.} (35... Bd7 $16 {might work better.}) 36. Rh5 $18 Bc8 (36... Ke7 {was called for.} 37. Rxf5 (37. Nxf5+ Bxf5 38. Rxf5 Rh7 $18) 37... Bc8 38. Re5+ Kf6 39. Rxe4 Bh3) 37. Nxf5 Rg6 (37... Bxf5 $142 38. Rxf5+ Ke8 39. Re5+ Kf8 40. Rxe4 Rh7) 38. c5 {[%emt 0:02:36] [#] Hoping for Nd6+.} Bxf5 39. Rxf5+ {[%emt 0:00:02] KR-KR} Ke6 40. Re5+ Kf6 41. Rxe4 Rh6 42. a4 a5 43. Ke2 Rh5 (43... Rh2+ $142 44. Kd3 Rh1) 44. b4 axb4 45. Rxb4 Rxc5 46. Rxb7 Ra5 47. Rb4 {[%emt 0:00:00] Black must now prevent Rc4.} c5 48. Rc4 Ke6 49. e4 Kd6 50. Kf3 Ra6 51. f5 Rb6 52. Kf4 Rb1 53. Rc3 Ra1 54. Rd3+ Ke7 55. Rd5 c4 56. a5 c3 57. Rc5 Ra3 58. Ke5 c2 59. Rc7+ Kd8 60. Rxc2 Rxa5+ 61. Kd6 {[%emt 0:00:00] Weighted Error Value: White=0.04 (flawless) /Black=0.29 (precise)} 1-0

[Event "Bangabandhu Premier Div League 2022"]
[Site "Dhaka"]
[Date "2022.11.30"]
[Round "1.8"]
[White "Jamal Uddin"]
[Black "Swarnavo Choudhury"]
[Result "0-1"]
[ECO "D70"]
[WhiteElo "2092"]
[BlackElo "1977"]
[Annotator "TA"]
[PlyCount "94"]
[EventDate "2022.11.30"]
[EventType "team-tourn"]
[EventCountry "BAN"]
[SourceTitle "playchess.com"]
[Source "ChessBase"]
[SourceQuality "1"]
[TimeControl "40/5400+30:1800+30"]

1. d4 Nf6 2. c4 g6 3. f3 d5 4. cxd5 Nxd5 5. e4 Nb6 6. Nc3 Bg7 7. Be3 O-O 8. Qd2 a5 {[%emt 0:09:07] D70: Grünfeld: Unusual White 3rd moves (met by ...d5).} 9. O-O-O Nc6 10. d5 {[%emt 0:03:38] Inhibits a4.} (10. Kb1 $16) 10... Ne5 $11 {[%emt 0:00:45] White has an edge.} 11. Bd4 {[%emt 0:00:46] [#]} (11. Bxb6 {simplifies} cxb6 12. Kb1 a4 13. a3) 11... c6 $146 ({Predecessor:} 11... e6 12. f4 Nec4 13. Bxc4 Nxc4 14. Qd3 e5 15. Bc5 Nd6 16. fxe5 Bxe5 17. Nf3 Re8 18. Nxe5 {1-0 (38) Bernasek,J (2459)-Plat,V (2216) Czech Republic 2007}) 12. Qf2 Ned7 13. Bxg7 Kxg7 14. Qd4+ f6 15. h4 (15. Nge2 {simplifies} cxd5 16. exd5 Ne5 17. Kb1) 15... Qc7 16. h5 a4 (16... g5 $14) 17. Kb1 (17. hxg6 $16 hxg6 18. Qe3) 17... a3 (17... g5 $1 $14 {deserves consideration.}) 18. b3 ({White should play} 18. hxg6 $16 hxg6 19. b3) 18... g5 19. h6+ (19. Ka1 {is interesting.} cxd5 20. exd5 Qc5 21. h6+) 19... Kh8 20. Nh3 cxd5 21. exd5 Ne5 {[%emt 0:01:03] [#] White must now prevent ...Bf5+.} 22. Nb5 (22. Nxg5 $1 $11 Bf5+ 23. Nge4) 22... Bf5+ $17 23. Bd3 Bxd3+ $19 24. Qxd3 Qd7 25. Qe2 Nxd5 (25... Ra5 26. d6 $11) 26. Rxd5 ({Not} 26. Nxg5 $2 Qxb5 $3 27. Qxb5 (27. Nf7+ $2 Rxf7 28. Qxb5 Nc3+ 29. Ka1 Nxb5 $19) 27... Nc3+ 28. Ka1 Nxb5 $19) 26... Qxd5 27. Nc7 Qa5 28. Nxa8 Rxa8 29. Rc1 Rd8 30. Nf2 Qb4 31. Ne4 Qa5 $2 (31... Qd4 $19 {Strongly threatening ...Nd3.} 32. Nf2 Kg8) 32. Rc5 (32. Nf2 $1 $11 {was the only way to keep the balance.}) 32... Qb6 {[%emt 0:00:21] ...Nd3 is the strong threat.} 33. Qe3 {[%emt 0:13:53] [#]} (33. Qb5 $17 {is a better defense.} Qa7 34. Qa4 Qxa4 35. bxa4) 33... Nf7 ({Weaker is} 33... Rd1+ 34. Kc2 Rd8 35. Nxg5 $11) (33... Qa6 $1 $19 34. Rc1 Qe6) 34. Qc3 (34. Nc3 $17) 34... Qe6 (34... Nxh6 $19 {Threatens to win with ...Rd1+.} 35. Qa5 Qxa5 36. Rxa5 f5 37. Nxg5 Rd1+ 38. Kc2 Rg1) 35. g4 $2 {[%emt 0:04:59] White does not recover from this.} (35. Qc4 $17 Qxc4 36. bxc4) 35... Nxh6 36. Rxg5 (36. Qe1 {keeps fighting.}) 36... Qa6 {[%emt 0:00:25] ( -> ...Qf1+)} 37. Ng3 {[%emt 0:05:59] Against Qf1+} Qd6 38. Ne2 Qe6 (38... Qd2 $142 39. Qxd2 Rxd2) 39. Nc1 b6 {[%emt 0:00:34] Inhibits Rc5.} 40. Rh5 Rc8 $40 {[%emt 0:00:26][%mdl 128] Black wants a kill.} 41. Qd3 (41. Qd2 Nf7 42. Qd3) 41... Qe1 $1 42. Qc4 Rxc4 43. bxc4 {[%emt 0:00:00] [#]} Nf7 (43... Nxg4 $142 $1 44. Kc2 (44. fxg4 Qe4+) 44... Ne3+ 45. Kd3 Qxc1 46. Ke2 Nxc4 47. Kd3 Ne5+ 48. Rxe5 fxe5 49. Ke4 Qc4+ 50. Kxe5 Qxa2 51. f4 Qe2+ 52. Kd5 a2 53. Kc6 a1=Q 54. Kd7 Qa7+ 55. Ke8 Qe6 56. Kf8 Qg8#) 44. Rb5 Nd6 {[%emt 0:00:11][%csl LRb5,LRc4] Black mates.} 45. Rxb6 Nxc4 46. Rb8+ Kg7 47. Rb5 Qc3 {[%emt 0:00:21] Weighted Error Value: White=0.79/Black=0.42} 0-1